AoeStats
← ThePunisher1805

Oasis

509203979Analyzed
3v3 RM · 7d ago on Sep 25, 2026· 30m 57s· 6 players
Game mode
Random Map
Map size
Normal (6 player)
Population
200
Speed
Normal
Resources
Standard
Victory
Conquest
Starting age
Dark Age
Ending age
Imperial Age
RankedLock teamsTeams togetherTeam positionsShared explorationLock speedFull tech treeHidden civsTurbo modeCheats
Victory
Defeat
🇨🇴 Saracens · Colombia
1238
+11
🇨🇴 Mongols · Colombia
1150
+14
🇨🇴 Vietnamese · Colombia
1045
+19
🇳🇱 Khmer · Netherlands
1138
-16
🇳🇱 Teutons · Netherlands
1116
-15
🇳🇱 Magyars · Netherlands
1075
-13
MLGGandalf
3:56 Loom
14:07 Feudal Age
21:44 Castle Age
21:22 Scale Barding Armor
21:30 Forging
25:24 Double-Bit Axe
25:20 Horse Collar
26:43 Bow Saw
26:55 Bloodlines
30:39 Wheelbarrow
Tapi
7:56 Loom
10:02 Feudal Age
14:14 Castle Age
13:41 Double-Bit Axe
20:18 Fletching
21:02 Bodkin Arrow
23:56 Wheelbarrow
23:40 Padded Archer Armor
23:02 Crossbowman
24:45 Leather Archer Armor
ThePunisher1805
11:10 Feudal Age
14:49 Horse Collar
16:17 Bloodlines
18:40 Wheelbarrow
19:33 Double-Bit Axe
zFox1982
7:30 Loom
11:21 Feudal Age
11:51 Double-Bit Axe
11:49 Horse Collar
18:44 Fletching
22:07 Wheelbarrow
25:32 Castle Age
24:15 Padded Archer Armor
25:54 Gold Mining
26:30 Bow Saw
26:22 Heavy Plow
25:46 Elite Skirmisher
25:49 Crossbowman
27:29 Thumb Ring
27:49 Squires
29:25 Hand Cart
29:21 Arson
cubdie
7:41 Loom
10:29 Feudal Age
19:54 Wheelbarrow
19:56 Fletching
22:10 Castle Age
20:09 Fletching
22:39 Crossbowman
23:16 Bodkin Arrow
31:49 Imperial Age
chomisplate
9:47 Feudal Age
10:38 Double-Bit Axe
12:47 Forging
14:42 Horse Collar
22:27 Castle Age
20:53 Gold Mining
21:51 Bloodlines
21:45 Loom
22:50 Scale Barding Armor
24:37 Wheelbarrow
25:45 Iron Casting
27:55 Chain Barding Armor
31:51 Hand Cart
Connection lost

Rejoining the realm…

Still unreachable

The connection could not be restored.

Session expired

The server has moved on; the page needs a fresh start.